 Dungeon Crawl Stone Soup version 0.28-a0-8-g6e044cfa68 (webtiles) character file.

Game seed: 354215082203962853

350 funkygono the Firebug (level 6, -2/32 HPs)
             Began as a Gargoyle Fire Elementalist on July 23, 2021.
             Slain by a gnoll (6 damage)
             ... on level 3 of the Dungeon.
             The game lasted 00:07:11 (4013 turns).

funkygono the Firebug (Gargoyle Fire Elementalist)  Turns: 4013, Time: 00:07:12

Health: -2/32      AC:  9    Str: 11    XL:     6   Next: 61%
Magic:  1/11       EV: 12    Int: 18    God:
Gold:   198        SH:  0    Dex: 10    Spells: 4/12 levels left

rFire   + . .      SeeInvis .   k - +0 whip (venom)
rCold   . . .      Faith    .   (no shield)
rNeg    + . .      Spirit   .   a - +1 robe
rPois   ∞          Reflect  .   (no helmet)
rElec   +          Harm     .   n - +0 cloak
rCorr   .          Rampage  .   c - +0 pair of gloves
Will    .....                   (no boots)
Stlth   ++........              (no amulet)
HPRegen 0.10/turn               o - ring of protection from fire
MPRegen 0.12/turn               (no ring)

@: no status effects
A: sickness immunity, AC +4, negative energy resistance 1, electricity
resistance, torment resistance 1, petrification resistance
a: no special abilities


You were on level 3 of the Dungeon.
You visited 1 branch of the dungeon, and saw 4 of its levels.

You collected 198 gold pieces.

Inventory:

Hand Weapons
 g - a +0 whip of electrocution
 k - a +0 whip of venom (weapon)
 m - a +3 quarterstaff of chaos
Missiles
 i - 132 stones
Armour
 a - a +1 robe (worn)
 c - a +0 pair of gloves (worn)
 h - a +0 leather armour
 n - a +0 cloak (worn)
Magical Staves
 r - a staff of fire
Jewellery
 o - a ring of protection from fire (left hand)
Wands
 j - a wand of iceblast (5)
Scrolls
 p - a scroll of blinking {unknown}
Potions
 b - a potion of curing
 d - 2 potions of brilliance
 e - a potion of heal wounds {unknown}
 f - 2 potions of mutation
 l - a potion of cancellation {unknown}
 q - a potion of attraction {unknown}


   Skills:
 + Level 1.7 Dodging
 - Level 2.1 Stealth
 * Level 3.7 Spellcasting
 * Level 4.0 Conjurations
 * Level 4.9 Fire Magic


You had 4 spell levels left.
You knew the following spells:

 Your Spells              Type           Power      Damage    Failure   Level
a - Foxfire               Conj/Fire      76%        2x1d7     2%          1
b - Conjure Flame         Conj/Fire      19%        6-21      7%          3
c - Sticky Flame          Conj/Fire      19%        2d4       24%         4

Your spell library contained the following spells:

 Spells                   Type           Power      Damage    Failure   Level
 Inner Flame              Hex/Fire       12%        N/A       17%         3
 Poisonous Vapours        Pois/Air       6%         N/A       22%         2
 Ignite Poison            Fire/Tmut/Pois 9%         N/A       24%         3
 Mephitic Cloud           Conj/Pois/Air  8%         N/A       26%         3
 Fireball                 Conj/Fire      9%         3d6       54%         5
 Bolt of Magma            Conj/Fire/Erth 7%         4d6       77%         5
 Freezing Cloud           Conj/Ice/Air   4%         6-21      94%         5


Dungeon Overview and Level Annotations

Branches:
Dungeon (4/15)
 Temple: D:4-7

Altars:
Okawaru


Innate Abilities, Weirdness & Mutations

You are immune to sickness and miasma.
Your stone body is resilient. (AC +4)
You are immune to poison.
You resist negative energy. (rN+)
You are resistant to electric shocks. (rElec)
You are resistant to unholy torment.
You are immune to petrification.


Message History

The foxfire hits the gnoll.
The gnoll is severely wounded.
There is a stone staircase leading up here.
An ogre comes into view. It is wielding a +0 giant spiked club.
The gnoll barely misses you.
You barely miss the gnoll.
The gnoll is severely wounded.
The gnoll closely misses you. The gnoll hits you with a +0 whip.
You closely miss the gnoll.
The gnoll is severely wounded.
The gnoll misses you. The gnoll hits you but does no damage.
The gnoll completely misses you.
You closely miss the gnoll. The gnoll hits you with a +0 whip.
The gnoll hits you with a +0 flail!
Unknown command.
There is a stone staircase leading up here.
The gnoll hits you with a +0 whip.
You climb upwards.
There is a stone staircase leading down here.
The gnoll barely misses you. The gnoll hits you with a +0 whip.
There is a stone staircase leading up here.
You hit the gnoll.
The gnoll is almost dead.
The gnoll closely misses you. x2; The gnoll hits you with a +0 flail.
You hit the gnoll.
You kill the gnoll!
The gnoll barely misses you.
You barely miss the gnoll. The gnoll closely misses you.
You closely miss the gnoll. The gnoll hits you with a +0 whip!
* * * LOW HITPOINT WARNING * * *
You barely miss the gnoll. The gnoll closely misses you.
Casting: Foxfire (safe; 2% risk of failure)
Confirm with . or Enter, or press ? or * to list all spells.
You conjure some foxfire!
The gnoll closely misses you.
You hit the gnoll but do no damage.
The foxfire hits the gnoll.
The gnoll is moderately wounded.
The foxfire hits the gnoll.
The gnoll is heavily wounded.
The gnoll hits you with a +0 whip.
You die...

#...)..######..#
##.# #.#
#...<..........#
#.####.#
#......##......#
#...##.#
#########......#
###..#.##
#......# ##.#..#
##.....# #.##.#
#.....# #....#
#...g.# ######
#..>@.# #...§.#
#######


You could see a gnoll.

Vanquished Creatures
  2 orc priests (D:3)
  Crazy Yiuf (D:3)
  A gnoll shaman (D:4)
  Ijyb (D:4)
  4 adders
  10 gnolls
  A dart slug (D:1)
  8 orcs
  3 ball pythons
  5 bats
  6 endoplasms
  A giant cockroach (D:1)
  8 goblins
  6 hobgoblins
  4 jackals (D:4)
  6 kobolds
  2 quokkas
  2 frilled lizards
  2 rats
73 creatures vanquished.

Vanquished Creatures (others)
  263 foxfires
  2 plants (D:3)
265 creatures vanquished.

Grand Total: 338 creatures vanquished

Notes
Turn   | Place    | Note
-------+----------+-------------------------------------------
     0 | D:1      | funkygono the Gargoyle Fire Elementalist began the quest
                  | for the Orb.
     0 | D:1      | Reached XP level 1. HP: 10/10 MP: 3/3
   480 | D:1      | Reached XP level 2. HP: 15/15 MP: 0/5
  1215 | D:2      | Reached XP level 3. HP: 19/19 MP: 0/6
  1219 | D:2      | Learned a level 3 spell: Conjure Flame
  2087 | D:3      | Reached XP level 4. HP: 22/24 MP: 1/8
  2383 | D:3      | Reached XP level 5. HP: 28/28 MP: 7/9
  2500 | D:3      | Learned a level 4 spell: Sticky Flame
  2572 | D:3      | Found a runed translucent door.
  2573 | D:3      | Noticed Crazy Yiuf
  2591 | D:3      | Killed Crazy Yiuf
  2974 | D:3      | Found an iron altar of Okawaru.
  3264 | D:3      | Found a faded altar of an unknown god.
  3310 | D:4      | Noticed Ijyb
  3317 | D:4      | Killed Ijyb
  3522 | D:4      | Reached XP level 6. HP: 32/32 MP: 7/11
  4013 | D:3      | Slain by a gnoll

Illustrated notes

Levels and vault maps discovered:
D:1:      dpeg_arrival_arbitrary_a, layout_basic, hangedman_abyss_or_decor_stabs
D:2:      layout_loops_ring
D:3:      layout_rooms, mainiacjoe_overflow_alcove_1,
          chequers_ecumenical_altar_lobes, uniq_crazy_yiuf_cottage
D:4:      lemuel_castle_with_subvaults [lemuel_castle_interior_carwin_3],
          layout_cave_pools, minmay_temple_entry_drinking_statues, serial_shops,
          shop_fountains, uniq_eustachio, uniq_ijyb

Skill      XL: |  1  2  3  4  5  6 |
---------------+-------------------+-----
Conjurations   | 2 3 4 |  4.0
Fire Magic     | 4 |  4.9
Spellcasting   | 3 |  3.7
Dodging        | |  1.7
Stealth        | |  2.1

Action                   |  1- 3 |  4- 6 || total
-------------------------+-------+-------++-------
Melee: Club              |     2 |       ||     2
       Whip              |     3 |    24 ||    27
 Cast: Foxfire           |    53 |   105 ||   158
  Use: Scroll            |     6 |     3 ||     9
Armor: Robe              |     4 |    11 ||    15
Dodge: Dodged            |     7 |    36 ||    43

Table legend: (Time is in decaauts)
 A = Elapsed time spent in this place.
 B = Non-inter-level travel time spent in this place.
 C = Inter-level travel time spent in this place.
 D = Time resting spent in this place.
 E = Time spent auto-exploring this place.
 F = Levels seen in this place.
 G = Mean time per level.
                   A        B        C        D        E       F      G
               +--------+--------+--------+--------+--------+-----+--------+
         Total |   4017 |   3890 |    127 |    324 |   2941 |   4 | 1004.2 |
       Dungeon |   4017 |   3890 |    127 |    324 |   2941 |   4 | 1004.2 |
               +--------+--------+--------+--------+--------+-----+--------+

Top non-repeatable levels by time:
     D:3: 1371 daAuts
     D:1: 1142 daAuts
     D:2: 926 daAuts
     D:4: 576 daAuts
